 BcadrenCrawl: Boulder Brew version 0.05.21-19-ga0ba6040e9 (webtiles) character file.

Game seed: 3295287778606365518, levelgen mode: deterministic

147 Lanoc the Twirler (level 5, 0/34 HPs) Lignifite Demonspawn. Began on July 6, 2021. Slain by a water moccasin (6 damage) ... on level 2 of the Dungeon. The game lasted 00:03:49 (790 turns).

Lanoc the Twirler (Lignifite Demonspawn)             Turns: 790, Time: 00:03:49

Health: 0/34       AC:  1    Str: 25    XL:     5 ^: 169
Magic:  0/8        EV: 15    Int: 13    God:
Gold:   70         SH:  2    Dex:  8    Spells: 5/6 levels left

rFire    x . .     Vision   +   b - +0 hunting sling
rCold    . . .     Gourm    .   a - +0 morningstar
rNeg     + . .     Faith    .   f - +0 robe
rCorr    . . .     Spirit   +   (helmet restricted)
rPois    +         Reflect  .   (no cloak)
rElec    .         Harm     .   (gloves unavailable)
MR       .....                  (boots unavailable)
Stlth    +.........             (no amulet)
HPRegen  0.21/turn              g - ring of positive energy
MPRegen  0.18/turn              (no ring)

@: mighty, very slow
A: small, barbs 2, branches (SH +, deformed body 1, speed 2, poison resistance,
slow metabolism 1, torment resistance, plant, magic shield, woody flesh (rF-) 1,
rot immunity
a: no special abilities


You were on level 2 of the Dungeon.
You were not hungry.

You visited 1 branch of the dungeon, and saw 2 of its levels.

You collected 70 gold pieces.

Inventory:

Weapons
 a - a +0 morningstar (weapon)
 b - a +0 hunting sling (weapon)
Armour
 f - a +0 robe (worn)
Jewellery
 g - a ring of positive energy (left claw)
Scrolls
 c - a scroll of teleportation
 h - a scroll of blinking
 i - a scroll of fear
 j - a scroll of fog
Comestibles
 d - 4 rations


   Skills:
 + Level 2.3 Fighting
 - Level 4.1 Maces & Staves
 + Level 3.3 Dodging
 - Level 1.7 Stealth
 - Level 1.1 Spellcasting
 - Level 1.5 Fire Magic
   Level 3.0 Invocations


You had 5 spell levels left.
You knew the following spells:

 Your Spells              Type           Power        Failure   Level  Hunger
a - Flame Tongue          Fire           4 (30)       14%         1    ##.....

Your spell library contained the following spells:

 Spells                   Type           Power        Failure   Level  Hunger
 Blink                    Tloc           N/A          38%         2    ###....
 Call Imp                 Summ           0 (100)      38%         2    ###....
 Slow                     Hex            0 (100)      38%         2    ###....
 Conjure Flame            Fire           4 (100)      41%         3    ####...
 Mephitic Cloud           Pois/Air       0 (100)      63%         3    ####...


Dungeon Overview and Level Annotations

Branches:
Dungeon (2/8)

Altars:


Innate Abilities, Weirdness & Mutations

You are small and have problems with some larger weapons.
You have very sharp barbs on your forebranches. (+6 Unarmed)
A tangle of shorter branches protects your body from attack. (SH +2)
Armour fits poorly on your strangely shaped body.
You cover ground very quickly.
Your system is resistant to poisons. (rPois)
You have a slow metabolism.
You are immune to unholy pain and torment.
You require very little carbon dioxide to survive.
When hurt, damage is shared between your health and your magic reserves.
Your woody flesh burns easily. (rF-)
You are immune to rotting.


Message History

The bat hits you but does no damage.
The bat closely misses the giant blowfly (0).
The water moccasin closely misses you (0).
The water moccasin bites you (2).
You closely miss the water moccasin.
The water moccasin is moderately wounded. (17/28) HP The bat completely misses you (0).
You block the water moccasin's attack. x2
You barely miss the water moccasin.
The water moccasin is moderately wounded. (17/28) HP The bat closely misses you (0).
The water moccasin barely misses you (0).
The bat closely misses the giant blowfly (0).
The water moccasin bites you (9)!
* * * LOW HITPOINT WARNING * * *
You enter the shallow water.
Moving in this stuff is going to be slow.
The bat hits you (1).
* * * LOW HITPOINT WARNING * * *
The bat hits you but does no damage. The water moccasin bites you (8)!
You die...

≈≈≈≈≈≈≈≈≈b≈≈≈.≈≈.≈≈≈≈≈≈≈≈
≈≈≈≈≈≈≈≈≈≈≈≈≈....≈≈≈≈...≈
≈≈≈≈≈≈≈≈≈≈≈≈≈.≈...≈≈≈≈≈..
≈≈≈≈≈≈≈≈≈≈≈≈≈≈≈.≈≈≈≈≈≈≈≈≈
≈≈≈≈≈≈≈≈≈≈≈≈≈≈≈.≈≈≈≈P≈≈≈≈
≈≈≈≈≈≈≈≈≈≈≈≈≈≈≈...≈b≈≈≈b≈
≈≈≈≈≈≈≈≈≈.≈≈≈≈.†≈.!≈≈≈≈≈≈
≈≈≈≈†>≈≈≈≈.....≈≈S...≈..≈
###.#.#####.##..@b≈≈...##
###≈≈.≈≈##≈# ##.≈≈≈≈≈≈.#
≈#≈.....≈≈### #..≈>≈≈..#
.#P....##≈#≈###.≈≈≈≈≈≈.#
.≈.≈≈.####...##†≈≈≈≈≈≈$#
.###≈##≈≈####≈.†≈≈..≈..#
P#≈.≈.P.# #≈#.≈..≈≈≈.#
.#.#...## #.#.≈.≈≈≈≈≈#
≈.≈#...# ##.≈.≈≈≈≈≈≈#


You could see a water moccasin and a bat.

Vanquished Creatures
  2 jellies (D:2)
  2 giant cockroaches (D:2)
  An adder (D:2)
  3 cinder newts (D:2)
  2 oozes (D:2)
  A dart slug (D:1)
  A leopard gecko (D:2)
  2 ball pythons (D:2)
  4 goblins (D:1)
  A hobgoblin (D:1)
  3 bats (D:1)
  A kobold (D:1)
  An orc skeleton (D:2)
  2 rats (D:1)
26 creatures vanquished.

Vanquished Creatures (others)
  A giant cockroach (D:2)
  A rat (D:2)
  51 withered plants (D:2)
53 creatures vanquished.

Grand Total: 79 creatures vanquished

Notes
Turn   | Place    | Note
-------+----------+-------------------------------------------
     0 | D:1      | Lanoc the Lignifite Demonspawn began the quest for the Orb.
     0 | D:1      | Reached XP level 1. HP: 13/13 MP: 4/4
   161 | D:1      | Gained mutation: You have sharp barbs on your forebranches.
                  | (+3 Unarmed) [demonic ancestry]
   161 | D:1      | Reached XP level 2. HP: 18/18 MP: 5/5
   572 | D:2      | Reached skill level 3 in Maces & Staves
   587 | D:2      | Reached XP level 3. HP: 19/23 MP: 6/6
   592 | D:2      | Gained mutation: When hurt, damage is shared between your
                  | health and your magic reserves. [demonic ancestry]
   592 | D:2      | Reached XP level 4. HP: 13/29 MP: 7/7
   742 | D:2      | Reached skill level 4 in Maces & Staves
   761 | D:2      | Gained mutation: You have very sharp barbs on your
                  | forebranches. (+6 Unarmed) [demonic ancestry]
   761 | D:2      | Reached XP level 5. HP: 31/34 MP: 8/8
   772 | D:2      | Noticed a water moccasin
   790 | D:2      | Slain by a water moccasin

Levels and vault maps discovered:
D:1:      ncdulo_smallfort, layout_cave_pools, first_ration,
          kennysheep_generic_room_13
D:2:      layout_sewer, sewer_frog_spiral, minmay_misc_feat_roman

Skill      XL: |  1  2  3  4 |
---------------+-------------+-----
Maces & Staves | 3 4 |  4.1
Dodging        | 3 |  3.3
Fighting       | 2 |  2.3
Stealth        | |  1.7
Spellcasting   | |  1.1
Fire Magic     | |  1.5
Invocations    | |  3.0

Action                   |  1- 3 |  4- 6 || total
-------------------------+-------+-------++-------
Melee: Morningstar       |    39 |    41 ||    80
       Unarmed           |    22 |       ||    22
 Fire: Hunting sling     |    18 |    47 ||    65
  Use: Potion            |       |     1 ||     1
Armor: Robe              |       |     6 ||     6
Dodge: Dodged            |    53 |    49 ||   102
Block: Other             |     1 |     5 ||     6
